AoeStats
← 神圣罗马帝国 | Holy Roman

Nomad

510974350Analyzed
4v4 RM · 12h ago on Oct 3, 2026· 38m 47s· 8 players
Game mode
Random Map
Map size
231×231
Population
200
Speed
Normal
Resources
Standard
Victory
Conquest
Starting age
Dark Age
Ending age
Imperial Age
RankedLock teamsTeams togetherTeam positionsShared explorationLock speedFull tech treeHidden civsTurbo modeCheats
Victory
Defeat
🇩🇪 Saracens · Germany
1432
+13
🇨🇭 Mongols · Switzerland
1404
+14
🇫🇮 Lithuanians · Finland
1377
+15
🇫🇮 Spanish · Finland
1333
+17
🇮🇳 Dravidians · India
1432
-17
🇮🇳 Vietnamese · India
1358
-15
🇻🇳 Persians · Vietnam
1346
-14
1320
-13
7777777
6:15 Loom
14:23 Feudal Age
14:57 Man-at-Arms
15:57 Forging
18:58 Castle Age
18:02 Scale Mail Armor
19:09 Double-Bit Axe
19:22 Stone Mining
19:22 Gold Mining
23:00 Medium Warships
23:23 Scale Barding Armor
23:02 Horse Collar
24:11 Bow Saw
24:03 Heavy Plow
25:44 Fishing Lines
27:27 Wheelbarrow
31:38 Imperial Age
32:30 Bloodlines
32:20 Husbandry
32:59 Crop Rotation
32:46 Hand Cart
32:29 Gold Mining
33:02 Cavalier
35:22 Two-Man Saw
37:18 Stone Shaft Mining
lorddoc
4:45 Loom
13:30 Feudal Age
18:08 Castle Age
23:48 Fletching
25:07 Bodkin Arrow
31:05 Padded Archer Armor
32:02 Wheelbarrow
32:10 Horse Collar
33:29 Leather Archer Armor
39:00 Ballistics
41:46 Imperial Age
nikias.marquardt
14:04 Feudal Age
12:21 Loom
16:17 Double-Bit Axe
16:47 Horse Collar
21:04 Castle Age
23:14 Fletching
23:26 Town Watch
25:51 Bloodlines
29:14 Husbandry
29:22 Scale Barding Armor
30:17 Forging
35:00 Imperial Age
35:05 Chain Barding Armor
Sunday x Junior
4:40 Loom
12:15 Feudal Age
12:50 Double-Bit Axe
13:59 Town Watch
17:35 Castle Age
18:40 Bow Saw
19:23 Husbandry
19:26 Padded Archer Armor
19:56 Bow Saw
23:09 Scale Barding Armor
25:08 Bloodlines
29:44 Horse Collar
29:50 Horse Collar
36:00 Heavy Plow
37:47 Forging
37:37 Fletching
38:00 Light Cavalry
Red_Baron
7:23 Loom
13:51 Feudal Age
14:31 Double-Bit Axe
16:27 Fletching
23:51 Castle Age
23:38 Wheelbarrow
24:28 Bodkin Arrow
24:47 Medium Warships
24:53 Bow Saw
31:21 Crossbowman
38:11 Imperial Age
37:27 Town Watch
39:21 Conscription
39:03 Bracer
L_Clan_ProWleR_
4:06 Loom
13:37 Feudal Age
15:35 Double-Bit Axe
25:27 Castle Age
23:51 Fletching
26:07 Elite Skirmisher
29:46 Bodkin Arrow
30:40 Padded Archer Armor
34:27 Bow Saw
38:46 Wheelbarrow
神圣罗马帝国 | Holy Roman
4:44 Loom
14:30 Feudal Age
15:12 Double-Bit Axe
19:11 Castle Age
17:06 Stone Mining
19:39 Fletching
23:09 Gold Mining
24:39 Wheelbarrow
27:32 Bow Saw
31:15 Forging
33:48 Iron Casting
35:03 Hand Cart
36:59 Scale Barding Armor
38:24 Chain Barding Armor
VN_BILL
10:56 Loom
13:13 Feudal Age
16:59 Castle Age
15:16 Padded Archer Armor
16:36 Stone Mining
18:07 Double-Bit Axe
20:36 Fletching
21:39 Bow Saw
26:53 Bodkin Arrow
28:51 Parthian Tactics
29:44 Horse Collar
31:47 Wheelbarrow
32:56 Hand Cart
34:33 Heavy Plow
38:02 Imperial Age
36:06 Forging
36:01 Scale Barding Armor
36:21 Leather Archer Armor
36:04 Town Watch
37:55 Chain Barding Armor
39:26 Two-Man Saw
39:41 Ring Archer Armor
Connection lost

Rejoining the realm…

Still unreachable

The connection could not be restored.

Session expired

The server has moved on; the page needs a fresh start.